 Dungeon Crawl Stone Soup version 0.24.0-3-g28a8eb0610 (webtiles) character file.

Game seed: 5303200904261270313, levelgen mode: deterministic

506 kropeczka the Magician (level 6, -4/28 HPs)
             Began as a Deep Elf Conjurer on Nov 1, 2019.
             Was an Initiate of Hepliaklqana.
             Killed from afar by Natasha (6 damage)
             ... with a magic dart
             ... on level 2 of the Dungeon.
             The game lasted 00:51:00 (5438 turns).

kropeczka the Magician (Deep Elf Conjurer)          Turns: 5438, Time: 00:51:01

Health: -4/28      AC:  5    Str:  5    XL:     6   Next: 97%
Magic:  2/17       EV: 14    Int: 22    God:    Hepliaklqana [......]
Gold:   113        SH:  0    Dex: 15    Spells: 15/18 levels left

rFire    . . .     SeeInvis .   n - staff of conjuration
rCold    . . .     Gourm    .   (no shield)
rNeg     . . .     Faith    .   a - +0 robe
rPois    .         Spirit   .   v - +0 helmet
rElec    .         Reflect  .   (no cloak)
rCorr    .         Harm     .   t - +0 pair of gloves (curse)
MR       .....                  B - +0 pair of boots
Stlth    ++........             (no amulet)
HPRegen  0.09/turn              (no ring)
MPRegen  0.15/turn              (no ring)

@: no status effects
A: reduced essence
a: Recall Ancestor, Ancestor Identity, Renounce Religion


You were on level 2 of the Dungeon.
You worshipped Hepliaklqana.
Hepliaklqana was noncommittal.
You were not hungry.

You visited 2 branches of the dungeon, and saw 6 of its levels.

You collected 201 gold pieces.
You spent 88 gold pieces at shops.

Inventory:

Hand Weapons
 d - a +0 short sword
 j - a +0 hunting sling
 q - a +5 falchion
Missiles
 b - 69 arrows
 o - 130 sling bullets
 r - 11 poisoned darts (quivered)
Armour
 a - a +0 robe (worn)
 p - a +0 leather armour
 t - a cursed +0 pair of gloves (worn)
 u - a +0 animal skin
 v - a +0 helmet (worn)
 w - a +0 buckler
 B - a +0 pair of boots (worn)
 G - a +0 leather armour of fire resistance
 H - a +0 pair of gloves
Magical Staves
 n - an uncursed staff of conjuration (weapon)
Wands
 y - a wand of random effects (13)
 D - a wand of flame (18)
Scrolls
 e - 6 scrolls of identify {unknown}
 g - 9 scrolls of remove curse {unknown}
 h - a scroll of amnesia {unknown}
 k - 2 scrolls of enchant weapon {unknown}
 l - a scroll of fog {unknown}
 m - 2 scrolls of enchant armour {unknown}
 s - 3 scrolls of teleportation {unknown}
 C - 3 scrolls of blinking {unknown}
Potions
 f - a potion of magic {unknown}
 i - a potion of brilliance {unknown}
 x - 3 potions of curing
 z - a potion of heal wounds
 A - 2 potions of degeneration {unknown}
 E - a potion of might {unknown}
Comestibles
 c - 7 rations
 F - 2 chunks of flesh


   Skills:
 - Level 2.1 Staves
 + Level 1.6 Armour
 + Level 3.7 Dodging
 - Level 2.4 Stealth
 + Level 6.6 Spellcasting
 - Level 6.1 Conjurations


You had 15 spell levels left.
You knew the following spells:

 Your Spells              Type           Power        Failure   Level  Hunger
a - Magic Dart            Conj           ####         1%          1    None
b - Searing Ray           Conj           ######       1%          2    None

Your spell library contained the following spells:

 Spells                   Type           Power        Failure   Level  Hunger
 Iskenderun's Mystic Bla  Conj           ######..     7%          4    ###....
 Conjure Flame            Conj/Fire      ####....     8%          3    #......
 Dazzling Spray           Conj/Hex       ####..       8%          3    #......
 Mephitic Cloud           Conj/Pois/Air  ###.....     11%         3    #......
 Blink                    Tloc           N/A          13%         2    None
 Call Imp                 Summ           #.......     13%         2    None
 Slow                     Hex            #.......     13%         2    None
 Force Lance              Conj/Tloc      ####....     24%         4    ###....
 Fulminant Prism          Conj/Hex       ####......   24%         4    ###....


Dungeon Overview and Level Annotations

Branches:
Dungeon (5/15)             Temple (1/1) D:4

Altars:
Ashenzari
Cheibriados
Dithmenos
Elyvilon
Fedhas
Gozag
Hepliaklqana
Kikubaaqudgha
Makhleb
Nemelex Xobeh
Okawaru
Ru
Trog
Uskayaw
Wu Jian
Yredelemnul
Zin
The Shining One

Shops:
D:4 !(

Annotations:
D:2 Natasha
D:3 2 runed translucent doors, jaiteiro's ghost, amateur TrFi
D:5 Edmund


Message History

You see here a +0 club.
Natasha mumbles some strange words.
You see here a +0 whip.
The crimson imp shouts, "Turn tail, thou ducking elf-skinned pimple!"
Natasha wildly gestures.
Natasha's front paws start to glow.
The crimson imp blinks!
Your magical contamination has completely faded away.
The iron imp grins evilly.
The crimson imp blinks!
Natasha casts a spell.
The white imp gestures at you. The puff of frost hits you!
* * * LOW HITPOINT WARNING * * *
The white imp gestures at you. The puff of frost hits you.
* * * LOW HITPOINT WARNING * * *
Natasha casts a spell at you. The magic dart hits you.
You die...

##### ###...#####################
.....#.#..................#
...)...........##########.#######
.......#.#####.#######...........
###......# #..@...h............
[.....########......55....##.##.#
#####........#.#######....#..##.#
# #..##..†...# #.......##.#
#####..##......# #........#.#
[..###.##.....########5......##.#
...# #.###.#..# #.........5..##)#
...# #.###.#..# #.####...##..##.#
...# #.....#..# #.# #..)##).##.#


You could see an iron imp, Natasha and a white imp.

Vanquished Creatures
  An orc priest (D:3)
  Ijyb (D:5)
  Natasha (twice) (D:3)
  4 worker ants
  Robin (D:2)
  7 gnolls
  5 adders
  An ooze (D:5)
  3 worms
  3 leopard geckos
  4 orcs (D:3)
  2 ball pythons (D:2)
  9 bats
  2 giant cockroaches (D:1)
  36 goblins
  34 hobgoblins
  A quokka (D:2)
  3 frilled lizards
  8 kobolds
  6 rats
133 creatures vanquished.

Vanquished Creatures (collateral kills)
  A worker ant (D:5)
1 creature vanquished.

Vanquished Creatures (others)
  An ancestor (D:5)
1 creature vanquished.

Grand Total: 135 creatures vanquished

Notes
Turn   | Place    | Note
-------+----------+-------------------------------------------
     0 | D:1      | kropeczka the Deep Elf Conjurer began the quest for the
                  | Orb.
     0 | D:1      | Reached XP level 1. HP: 10/10 MP: 6/6
    93 | D:1      | You fall into a shaft and drop 1 floor!
   224 | D:1      | Reached XP level 2. HP: 15/15 MP: 5/8
   228 | D:1      | Learned a level 2 spell: Searing Ray
   326 | D:1      | Reached skill level 5 in Conjurations
   706 | D:3      | Reached XP level 3. HP: 19/19 MP: 6/9
   764 | D:3      | Found a runed translucent door.
   766 | D:3      | Noticed jaiteiro's ghost (amateur TrFi)
   901 | D:3      | Noticed Natasha
  1307 | D:2      | Reached XP level 4. HP: 24/24 MP: 8/11
  1556 | D:2      | Noticed Robin
  1740 | D:2      | Killed Robin
  1844 | D:2      | Found a shattered altar of Ashenzari.
  2311 | D:3      | Found a runed translucent door.
  2363 | D:3      | Reached XP level 5. HP: 17/28 MP: 4/13
  2531 | D:3      | Killed Natasha
  2531 | D:3      | Reached skill level 5 in Spellcasting
  2533 | D:3      | Reached skill level 1 in Armour
  2743 | D:3      | Noticed Natasha
  2747 | D:3      | Killed Natasha
  2747 | D:3      | Reached skill level 1 in Staves
  3002 | D:5      | Entered Level 5 of the Dungeon
  3011 | D:4      | Found Witsec's Distillery.
  3019 | D:4      | Bought a potion of curing for 33 gold pieces
  3019 | D:4      | Bought a potion of heal wounds for 55 gold pieces
  3081 | D:4      | Found a glowing golden altar of the Shining One.
  3221 | D:4      | Found a sparkling altar of Nemelex Xobeh.
  3229 | D:4      | Found a sacrificial altar of Ru.
  3236 | D:4      | Found an opulent altar of Gozag.
  3371 | D:4      | Found a staircase to the Ecumenical Temple.
  3380 | Temple   | Entered the Ecumenical Temple
  3611 | Temple   | Became a worshipper of Hepliaklqana the Forgotten
  3668 | D:4      | Found Oskyemn's Antique Weapon Emporium.
  3692 | D:5      | Reached XP level 6. HP: 26/28 MP: 8/16
  3723 | D:5      | Noticed Edmund
  3749 | D:5      | Noticed Ijyb
  3759 | D:5      | Killed Ijyb
  5407 | D:3      | Noticed Natasha
  5438 | D:2      | Killed from afar by Natasha

Levels and vault maps discovered:
D:1:      lightli_arrival_isolated_outpost, layout_rooms,
          chequers_serial_rivers_marsh
D:2:      layout_loops_ring, marbit_many_paths, uniq_robin
D:3:      layout_basic, ebering_ghost_sewer_f, uniq_natasha
D:4:      minmay_goblin_kobold_castle, layout_cave_pools,
          overflow_temple_1_default, grunt_temple_overflow_diamond, temple_hall,
          serial_shops, nicolae_shop_trees, nicolae_shop_statue_plus,
          minmay_box_of_dots
D:5:      layout_loops_ring, first_ration, uniq_edmund, uniq_blork_the_orc,
          uniq_ijyb
Temple:   nicolae_temple_figure_eight

Skill      XL: |  1  2  3  4  5  6 |
---------------+-------------------+-----
Conjurations   | 5 6 |  6.1
Spellcasting   | 4 5 6 |  6.6
Armour         | 1 |  1.6
Staves         | 1 2 |  2.1
Dodging        | 3 |  3.7
Stealth        | |  2.4

Action                   |  1- 3 |  4- 6 || total
-------------------------+-------+-------++-------
Melee: Short sword       |     8 |       ||     8
       Staff             |       |     4 ||     4
 Cast: Magic Dart        |    57 |   138 ||   195
       Searing Ray       |    10 |    90 ||   100
  Eat: Chunk             |     1 |    13 ||    14
Armor: Robe              |     3 |    11 ||    14
Dodge: Dodged            |    15 |    32 ||    47
